 Dungeon Crawl Stone Soup version bcrawl-1.21.2-20-g6d45ba5942 (webtiles) character file.

Game seed: 7480873232666041137

147 BeastOfSaturn the Shooter (level 5, 0/29 HPs)
             Began as a Vine Stalker Arcane Marksman on Feb 29, 2020.
             Slain by a ball python (1 damage)
             ... in a sewer.
             The game lasted 00:08:38 (1886 turns).

BeastOfSaturn the Shooter (VSAM)                    Turns: 1886, Time: 00:08:38

Health: 0/29       AC:  4    Str: 13    XL:     5   Next: 29%
Magic:  8/9        EV:  9    Int: 14    God:
Gold:   174        SH:  0    Dex: 14    Spells: 2/8 levels left

rFire    . . .     SeeInvis .   a - +1 shortbow
rCold    . . .     Gourm    .   (shield currently unavailable)
rNeg     . . .     Faith    .   n - +0 leather armour
rPois    .         Spirit   .   (no helmet)
rElec    .         Reflect  .   l - +0 cloak
rCorr    .         Harm     .   (no gloves)
MR       .....                  (no boots)
Stlth    +.........             (no amulet)
HPRegen  0.49/turn              (no ring)
MPRegen  0.11/turn              (no ring)

@: lethally poisoned (0 -> -3), constricted, very slow
A: fangs 2, regeneration 1, no potion heal 3, rot immunity, strong jaws
a: no special abilities


You were in a sewer.
You were not hungry.

You visited 1 branch of the dungeon, and saw 3 of its levels.
You also visited: Sewer.

You collected 174 gold pieces.

Inventory:

Hand Weapons
 a - a +1 shortbow (weapon)
 b - a +0 long sword
 p - a cursed -2 rapier
 r - a +0 dagger
Missiles
 f - 527 arrows (quivered)
Armour
 c - a +0 robe
 l - a +0 cloak (worn)
 n - a +0 leather armour (worn)
 q - a +0 helmet
Jewellery
 o - an uncursed ring of protection from magic
Scrolls
 d - 3 scrolls of identify
 g - a scroll of remove curse
 i - 2 scrolls of amnesia {unknown}
 j - 2 scrolls of fear {unknown}
 m - a scroll of enchant weapon {unknown}
Potions
 h - 2 potions of haste {unknown}
 k - a potion of brilliance {unknown}
Comestibles
 e - 3 rations {!d}


   Skills:
 + Level 1.1 Fighting
 + Level 0.3 Long Blades
 * Level 4.0 Bows
 * Level 0.5 Armour
 + Level 2.1 Dodging
 - Level 2.1 Spellcasting
 * Level 3.6 Hexes


You had 2 spell levels left.
You knew the following spells:

 Your Spells              Type           Power        Failure   Level  Hunger
a - Corona                Hex            ##.....      7%          1    #......
b - Shackle               Hex            ##......     10%         2    ###....
c - Inner Flame           Hex/Fire       N/A          38%         3    ###....

Your spell library contained the following spells:

 Spells                   Type           Power        Failure   Level  Hunger
 False Image              Hex/Summ       #.......     38%         3    ###....
 Cause Fear               Hex            ##........   54%         4    #####..
 Yara's Violent Unravell  Hex/Tmut       #.........   80%         4    #####..


Dungeon Overview and Level Annotations

Branches:
Dungeon (3/12)

Altars:
Qazlal

Annotations:
D:3 Grinder


Innate Abilities, Weirdness & Mutations

You have extremely sharp teeth.
Your natural rate of healing is unusually fast.
Potions cannot restore your health.
You are immune to rotting.
Your bites deal extra damage.


Message History

The ball python barely misses you. The ball python constricts you.
Attempting to read a scroll while constricted might waste it - continue anyway?
As you read the scroll labeled EHITHRA EMOVIARPH, it crumbles to dust.
It is a scroll of identify.
o - an uncursed ring of protection from magic You feel sick.
The leopard gecko hisses menacingly.
The adder bites you but does no damage. The ball python closely misses you.
The ball python constricts you.
Attempting to read a scroll while constricted might waste it - continue anyway?
Uppercase [Y]es or [N]o only, please.
Attempting to read a scroll while constricted might waste it - continue anyway?
As you read the scroll labeled IKLETE ZUXALISK, it crumbles to dust.
You feel blessed for a moment.
It was a scroll of remove curse.
You feel sick. The adder bites you.
* * * LOW HITPOINT WARNING * * *
You are lethally poisoned!
The adder poisons you! The ball python bites you.
* * * LOW HITPOINT WARNING * * *
You die...

###..≈≈.≈≈≈≈.≈#
∩..≈≈≈≈≈.≈≈≈.≈#
.≈#########≈≈≈#
###.†≈≈†≈≈..≈≈####
.≈≈≈#####≈≈≈≈≈#..##
≈≈≈≈#
#######.≈.####
.#### #≈≈.≈≈≈≈## ##
##≈≈#≈†≈≈##
#S@##≈≈≈.#
##lS##.≈≈##
#Sl≈#.≈≈≈#
#†≈≈##≈≈≈##
#≈≈≈≈#≈≈≈.#
#≈≈..#≈≈.∩#
#≈†≈.#.≈≈.#
##.≈≈##≈.≈##
##≈.≈≈#≈≈≈≈#


You could see an adder (inner flame), a leopard gecko, 2 ball pythons and a
frilled lizard.

Vanquished Creatures
  An adder (D:3)
  A river rat (D:3)
  6 oozes (Sewer)
  2 worms
  2 dart slugs
  14 leopard geckos
  An orc (D:2)
  A bat (D:2)
  10 giant cockroaches
  2 goblins
  8 hobgoblins
  2 jackals (D:3)
  2 quokkas
  5 ball pythons (Sewer)
  8 frilled lizards (Sewer)
  4 kobolds (D:2)
  8 rats
77 creatures vanquished.

Notes
Turn   | Place    | Note
-------+----------+-------------------------------------------
     0 | D:1      | BeastOfSaturn the Vine Stalker Arcane Marksman began the
                  | quest for the Orb.
     0 | D:1      | Reached XP level 1. HP: 11/11 MP: 4/4
   244 | D:1      | Reached skill level 1 in Fighting
   244 | D:1      | Reached XP level 2. HP: 16/16 MP: 6/6
   310 | D:1      | Reached skill level 2 in Bows
   695 | D:2      | Reached XP level 3. HP: 20/20 MP: 7/7
   813 | D:2      | Learned a level 2 spell: Shackle
   817 | D:2      | Learned a level 3 spell: Inner Flame
  1273 | D:3      | Noticed Grinder
  1340 | D:3      | Found a stormy altar of Qazlal.
  1437 | D:3      | Reached skill level 3 in Bows
  1437 | D:3      | Reached XP level 4. HP: 22/25 MP: 8/8
  1446 | D:3      | Found a glowing drain.
  1471 | Sewer    | Entered a sewer
  1703 | Sewer    | Reached XP level 5. HP: 27/29 MP: 9/9
  1810 | Sewer    | Reached skill level 4 in Bows
  1886 | Sewer    | HP: 1/29 [ball python (1)]
  1886 | Sewer    | Slain by a ball python

Skill      XL: |  1  2  3  4  5 |
---------------+----------------+-----
Fighting       | 1 |  1.1
Bows           | 2 3 4 |  4.0
Long Blades    | |  0.3
Armour         | |  0.5
Dodging        | |  2.1
Spellcasting   | |  2.1
Hexes          | |  3.6

Action                   |  1- 3 |  4- 6 || total
-------------------------+-------+-------++-------
Melee: Long sword        |       |    16 ||    16
 Fire: Shortbow          |   106 |   118 ||   224
 Cast: Inner Flame       |     2 |     3 ||     5
       Shackle           |     1 |       ||     1
  Use: Scroll            |       |     2 ||     2
  Eat: Ration            |     1 |       ||     1
Armor: Robe              |     5 |       ||     5
       Leather armour    |     3 |    64 ||    67
Dodge: Dodged            |    39 |   120 ||   159
